 Dungeon Crawl Stone Soup version 0.20.1-1-g8b1a95d (webtiles) character file.

3591 spiff the Covert (level 10, -2/45 HPs)
             Began as a Vine Stalker Enchanter on July 14, 2017.
             Was a Follower of Ashenzari.
             Slain by a killer bee (6 damage)
             ... on level 7 of the Dungeon.
             The game lasted 00:27:57 (7800 turns).

spiff the Covert (Vine Stalker Enchanter)           Turns: 7800, Time: 00:27:57

Health: -2/45      AC:  4    Str: 21    XL:     10   Next: 10%
Magic:  0/14       EV: 12    Int: 18    God:    Ashenzari [*.....]
Gold:   160        SH:  0    Dex: 14    Spells: 7/13 levels left

rFire    . . .     SeeInvis .   a - +1 dagger (curse)
rCold    . . .     Gourm    .   (no shield)
rNeg     . . .     Faith    .   b - +0 robe
rPois    +         Spirit   +   (no helmet)
rElec    .         Reflect  .   (no cloak)
rCorr    .         Harm     .   v - +0 pair of gloves
MR       +....                  E - +0 pair of boots
Stlth    +++++.....             (no amulet)
Regen    0.6/turn               K - ring of poison resistance (curse)
MPRegen  0.2/turn               t - +4 ring of strength

@: mighty
A: fangs 3, regeneration 1, magic shield, antimagic bite, no potion heal 3, rot
immunity
a: Curse Item, Scrying, Renounce Religion


You were on level 7 of the Dungeon.
You worshipped Ashenzari.
Ashenzari was aware of your devotion.
You were very hungry.

You visited 2 branches of the dungeon, and saw 8 of its levels.

You collected 322 gold pieces.
You spent 162 gold pieces at shops.

Inventory:

Hand Weapons
 a - a cursed +1 dagger (weapon)
Missiles
 e - 110 stones (quivered)
Armour
 b - a +0 robe (worn)
 v - a +0 pair of gloves (worn)
 E - a +0 pair of boots (worn)
Jewellery
 k - an uncursed ring of see invisible
 t - a +4 ring of strength (right hand)
 I - a +2 ring of evasion
 K - a cursed ring of poison resistance (left hand)
Wands
 q - a wand of enslavement (11/24)
Scrolls
 f - a scroll of immolation
 g - 2 scrolls of enchant weapon {unknown}
 o - a scroll of enchant armour {unknown}
 p - 3 scrolls of magic mapping
 u - 2 scrolls of recharging {unknown}
 x - 3 scrolls of amnesia {unknown}
 y - a scroll of blinking
 A - a scroll of noise {unknown}
 C - 2 scrolls of teleportation {unknown}
 F - a scroll of fear {unknown}
 H - a scroll of identify
Potions
 h - 3 potions of invisibility
 i - a potion of ambrosia
 l - a potion of flight {unknown}
 n - a potion of magic {unknown}
 r - a potion of lignification {unknown}
 s - a potion of haste {unknown}
 w - a potion of might
 G - a potion of mutation {unknown}
Books
 c - a book of Maledictions

   Spells                             Type                      Level
   a - Corona                         Hexes                        1
   b - Ensorcelled Hibernation        Hexes/Ice                    2
   c - Confuse                        Hexes                        3
   d - Tukima's Dance                 Hexes                        3
   e - Dazzling Spray                 Conjuration/Hexes            3
Comestibles
 d - 7 bread rations
 j - a meat ration
 z - a royal jelly
 J - 2 fruits


   Skills:
 + Level 1.0 Fighting
 + Level 6.1 Short Blades
 + Level 2.0 Dodging
 - Level 11.0 Stealth
 - Level 2.1 Spellcasting
 + Level 8.7 Hexes
 - Level 4.0 Ice Magic


You had 7 spell levels left.
You knew the following spells:

 Your Spells              Type           Power        Failure   Level  Hunger
a - Corona                Hex            ####...      1%          1    #......
b - Ensorcelled Hibernat  Hex/Ice        ####..       1%          2    ###....
e - Confuse               Hex            ####....     1%          3    ###....


Dungeon Overview and Level Annotations

Branches:
Dungeon (7/15)             Temple (1/1) D:5

Altars:
Ashenzari
Cheibriados
Dithmenos
Elyvilon
Fedhas
Gozag
Hepliaklqana
Kikubaaqudgha
Makhleb
Nemelex Xobeh
Okawaru
Qazlal
Ru
Sif Muna
Trog
Uskayaw
Vehumet
Xom
Yredelemnul
Zin
The Shining One

Shops:
D:4 *   D:5 ?

Annotations:
D:4 Grinder


Innate Abilities, Weirdness & Mutations

You have razor-sharp teeth.
Your natural rate of healing is unusually fast.
When hurt, damage is shared between your health and your magic reserves.
Your bite disrupts and absorbs the magic of your enemies.
Potions cannot restore your health.
You are immune to rotting.


Message History

The killer bee is lightly wounded.
The killer bee stings you but does no damage.
You hit the killer bee.
You bite the killer bee, but do no damage.
The killer bee is moderately wounded.
You feel sick. The killer bee closely misses you. The killer bee misses you.
It was a potion of might.
You feel very mighty all of a sudden. The killer bee stings you. x2
* * * LOW HITPOINT WARNING * * *
You puncture the killer bee! Your bite misses the killer bee.
The killer bee is almost dead.
The killer bee stings you.
* * * LOW HITPOINT WARNING * * *
Your system rejects the healing.
You feel better. The killer bee misses you.
The killer bee stings you but does no damage.
You barely miss the killer bee.
The killer bee is almost dead.
The killer bee stings you.
You die...

.... ######...##.>...#....###..
....###..###...##.....##.....##..
..........#....##.....##......###
#.........'............#.......##
#.........#............#...#.....
#....##...##+####......#...##....
#....#######%. #.....##...#####.
#....# ...$..##.....##...# ##
.....# .....yy@..........# #...##
###...##..........# #...##### #..
#.....##...# #.......# ...
########...# #.......#... ....#
........#.. ....# ........#.
...># ........# ...# #########


You could see 2 killer bees.

Vanquished Creatures
  A two-headed ogre (D:5)
  Pikel (D:4)
  A yak (D:7)
  2 sky beasts
  2 ice beasts
  2 orc warriors (D:6)
  3 slaves
  3 ogres
  A centaur (D:6)
  A crocodile (D:7)
  A bullfrog (D:7)
  2 scorpions
  A killer bee (D:7)
  A howler monkey (D:6)
  A crimson imp (D:5)
  2 hounds (D:6)
  2 jellies (D:4)
  A quasit (D:7)
  3 orc priests
  A gnoll shaman (D:4)
  4 orc wizards
  An iguana (D:5)
  Ijyb (D:3)
  8 worker ants
  Natasha (thrice) (D:3)
  A hound skeleton (D:5)
  A worker ant zombie (D:6)
  14 gnolls
  9 adders
  2 shadow imps (D:5)
  8 oozes
  2 adder skeletons
  A worm (D:2)
  4 dart slugs
  4 leopard geckos
  18 orcs
  5 giant cockroaches
  8 hobgoblins
  10 jackals
  10 kobolds
  2 quokkas
  2 ball pythons
  6 bats
  3 frilled lizards
  10 goblins
  2 leopard gecko skeletons
  7 rats
178 creatures vanquished.

Vanquished Creatures (others)
  8 toadstools (D:4)
8 creatures vanquished.

Grand Total: 186 creatures vanquished

Notes
Turn   | Place    | Note
-------+----------+-------------------------------------------
     0 | D:1      | spiff the Vine Stalker Enchanter began the quest for the Orb.
     0 | D:1      | Reached XP level 1. HP: 9/9 MP: 4/4
   341 | D:1      | Reached skill level 4 in Stealth
   341 | D:1      | Reached XP level 2. HP: 10/13 MP: 4/6
   348 | D:1      | Learned a level 2 spell: Ensorcelled Hibernation
   799 | D:1      | Reached XP level 3. HP: 15/16 MP: 2/7
  1489 | D:2      | Learned a level 3 spell: Confuse
  2095 | D:2      | Gained mutation: Your natural rate of healing is unusually fast. [Vine Stalker growth]
  2095 | D:2      | Reached XP level 4. HP: 21/21 MP: 5/8
  2202 | D:3      | Reached skill level 5 in Stealth
  2461 | D:3      | Reached XP level 5. HP: 24/24 MP: 4/9
  2557 | D:3      | Noticed Natasha
  2563 | D:3      | Killed Natasha
  2574 | D:3      | Noticed Natasha
  2599 | D:3      | Killed Natasha
  2599 | D:3      | Reached skill level 6 in Stealth
  2708 | D:3      | Noticed Ijyb
  2722 | D:3      | Killed Ijyb
  2722 | D:3      | Reached skill level 1 in Ice Magic
  2942 | D:3      | Reached XP level 6. HP: 28/28 MP: 3/10
  3011 | D:3      | Noticed Natasha
  3016 | D:3      | Killed Natasha
  3016 | D:3      | Reached skill level 5 in Hexes
  3229 | D:4      | Noticed a slave
  3315 | D:4      | Found Gozag's Platinum Reserve.
  3316 | D:4      | Found an opulent altar of Gozag.
  3901 | D:4      | Reached skill level 7 in Stealth
  3901 | D:4      | Reached XP level 7. HP: 32/32 MP: 0/11
  4088 | D:4      | Noticed Pikel
  4688 | D:4      | Reached skill level 1 in Short Blades
  4819 | D:4      | Noticed Grinder
  5125 | D:4      | Killed Pikel
  5125 | D:4      | Reached skill level 8 in Stealth
  5125 | D:4      | Gained mutation: You have razor-sharp teeth. [Vine Stalker growth]
  5125 | D:4      | Reached XP level 8. HP: 36/36 MP: 0/12
  5181 | D:5      | Entered Level 5 of the Dungeon
  5299 | D:5      | Found Wyos's Magic Scroll Emporium.
  5319 | D:5      | Bought a scroll of blinking for 97 gold pieces
  5319 | D:5      | Bought a scroll of remove curse for 39 gold pieces
  5341 | D:5      | Bought a scroll of identify for 26 gold pieces
  5479 | D:5      | Found a staircase to the Ecumenical Temple.
  5487 | Temple   | Entered the Ecumenical Temple
  5492 | Temple   | Became a worshipper of Ashenzari the Shackled
  5579 | D:5      | Noticed a two-headed ogre
  6162 | D:5      | Reached skill level 9 in Stealth
  6176 | D:5      | Killed a two-headed ogre
  6176 | D:5      | Reached XP level 9. HP: 39/39 MP: 7/13
  6367 | D:6      | Reached skill level 10 in Stealth
  6411 | D:6      | Reached skill level 5 in Short Blades
  7582 | D:7      | Reached * piety under Ashenzari
  7588 | D:7      | Reached skill level 11 in Stealth
  7588 | D:7      | Reached XP level 10. HP: 44/44 MP: 14/14
  7723 | D:7      | Reached skill level 1 in Fighting
  7800 | D:7      | Slain by a killer bee

Skill      XL: |  1  2  3  4  5  6  7  8  9 10 |
---------------+-------------------------------+-----
Stealth        | 4 5 6 7 8 9 11 | 11.0
Hexes          | 4 5 6 7 8 |  8.7
Ice Magic      | 1 2 3 4 |  4.0
Short Blades   | 2 4 5 6 |  6.1
Fighting       | 1 |  1.0
Dodging        | 2 |  2.0
Spellcasting   | |  2.1

Action                   |  1- 3 |  4- 6 |  7- 9 | 10-12 || total
-------------------------+-------+-------+-------+-------++-------
Melee: Dagger            |    83 |   110 |   169 |    23 ||   385
       Bite              |    14 |    26 |    30 |     3 ||    73
Throw: Stone             |       |     4 |     3 |       ||     7
 Cast: Corona            |     5 |       |       |       ||     5
       Ensorcelled Hiber |    24 |    58 |    74 |    10 ||   166
       Confuse           |       |     6 |     9 |     1 ||    16
Invok: Curse Item        |       |       |     1 |     1 ||     2
  Use: Potion            |       |     1 |       |     2 ||     3
       Scroll            |       |       |     4 |       ||     4
 Stab: Sleeping          |    18 |    32 |    50 |     5 ||   105
       Distracted        |     1 |       |       |       ||     1
       Invisible         |       |     1 |       |       ||     1
       Confused          |       |       |     7 |     1 ||     8
  Eat: Chunk             |     3 |     7 |    14 |       ||    24
       Meat ration       |     1 |       |     1 |       ||     2
Armor: Robe              |    10 |    20 |    24 |     5 ||    59
Dodge: Dodged            |    42 |    95 |    69 |     9 ||   215
